 Dungeon Crawl Stone Soup version 0.29.0-4-gdea44cf6ec (webtiles) character file.

Game seed: 1225440272674498023

1873 qw the Cleaver (level 9, -27/52 HPs)
             Began as a Tengu Warper on Aug 28, 2022.
             Was a Follower of Okawaru.
             Killed from afar by a deep elf pyromancer (29 damage)
             ... with a bolt of fire
             ... on level 9 of the Dungeon.
             The game lasted 00:00:49 (6891 turns).

qw the Cleaver (Tengu Warper)                       Turns: 6891, Time: 00:00:49

Health: -27/52     AC: 14    Str: 16    XL:     9   Next: 14%
Magic:  12/13      EV: 15    Int: 13    God:    Okawaru [*.....]
Gold:   344        SH:  5    Dex: 12    Spells: 12/12 levels left

rFire   . . .      SeeInvis +   i - +0 war axe
rCold   . . .      Faith    .   (no shield)
rNeg    . . .      Spirit   .   h - +0 chain mail
rPois   .          Reflect  +   (helmet restricted)
rElec   .          Harm     .   r - +0 cloak
rCorr   .          Rampage  .   s - +0 pair of gloves
Will    .....                   (boots unavailable)
Stlth   ..........              m - amulet of reflection
HPRegen 0.17/turn               q - +4 ring of evasion
MPRegen 0.13/turn               b - ring of see invisible

@: about to teleport, heroic, flying quickly and evasively, quick
A: beak, talons 3, nimble flight, clumsy 1
a: Renounce Religion, Heroism


You were on level 9 of the Dungeon.
You worshipped Okawaru.
Okawaru was aware of your devotion.
You visited 2 branches of the dungeon, and saw 8 of its levels.

You collected 460 gold pieces.
You spent 116 gold pieces at shops.


Innate Abilities, Weirdness & Mutations

You have a beak for a mouth.
You have claws for feet.
Your magical nature lets you fly swiftly and evasively.
You are clumsy. (Dex -2)


   Skills:
 + Level 4.1(9.1) Fighting
 - Level 10.2(15.2) Axes
 - Level 1.0(6.0) Throwing
 - Level 4.0(9.0) Armour
 - Level 2.1(7.1) Dodging
 - Level 2.0 Spellcasting
 - Level 2.4 Translocations
 - Level 4.1 Invocations


You had 12 spell levels left.
You didn't know any spells.
Your spell library contained the following spells:

 Spells                   Type           Power      Damage    Failure   Level
 Blink                    Tloc           14%        N/A       86%         2
 Gell's Gravitas          Tloc           7%         N/A       97%         3
 Lesser Beckoning         Tloc           7%         N/A       97%         3
 Teleport Other           Tloc           7%         N/A       97%         3
 Manifold Assault         Tloc           7%         N/A       100%        5

Inventory:

Hand Weapons
 g - a +5 morningstar
 i - a +0 war axe (weapon)
Missiles
 l - a boomerang (quivered)
Armour
 h - a +0 chain mail (worn)
 r - a +0 cloak (worn)
 s - a +0 pair of gloves (worn)
 t - a +0 plate armour
Jewellery
 b - a ring of see invisible (right hand)
 m - an amulet of reflection (around neck)
 p - a ring of positive energy
 q - a +4 ring of evasion (left hand)
Scrolls
 k - 3 scrolls of teleportation
 o - 2 scrolls of identify
Potions
 a - a potion of haste
 c - 2 potions of cancellation
 d - 2 potions of mutation
 e - 4 potions of might
 f - a potion of curing
 j - a potion of berserk rage {unknown}
 n - a potion of attraction {unknown}

Dungeon Overview and Level Annotations

Branches:
Dungeon (9/15)             Temple (1/1) D:4
   Lair: D:8-11         Orc: D:9-12

Altars:
Ashenzari
Cheibriados
Elyvilon
Fedhas
Gozag
Hepliaklqana
Kikubaaqudgha
Nemelex Xobeh
Okawaru
Qazlal
Trog
Uskayaw
Vehumet
Wu Jian
Xom
Yredelemnul
The Shining One

Shops:
D:3 [


Message History

The centaur shoots an arrow.
The arrow hits you but does no damage.
The deep elf pyromancer gestures wildly while chanting.
The centaur shoots an arrow.
The arrow hits you.
The deep elf pyromancer casts a spell.
The centaur shoots an arrow.
You reflect the arrow off an invisible shield around you!
The arrow barely misses the centaur.
The fire elemental disappears in a puff of smoke!
The centaur shoots an arrow.
The arrow hits you.
The centaur unwields a +0 shortbow.
The centaur hits you but does no damage.
The centaur misses you.
The deep elf pyromancer gestures wildly while chanting.
The deep elf pyromancer blinks!
The centaur hits you but does no damage.
The centaur kicks you.
You hit the centaur but do no damage. Your kick misses the centaur.
The centaur barely misses you. The centaur closely misses you.
You closely miss the fire elemental. You claw the fire elemental.
The fire elemental is lightly damaged.
You hit the centaur but do no damage.
The centaur closely misses you. x2; The fire elemental hits you.
The fire elemental burns you!
You completely miss the fire elemental.
The fire elemental is lightly damaged.
You hit the centaur but do no damage.
The deep elf pyromancer casts a spell at you.
The bolt of fire hits the fire elemental.
The fire elemental completely resists.
The bolt of fire hits you! You block the centaur's attack.
The centaur closely misses you. The fire elemental hits you.
The fire elemental burns you!
6891 ||| READING 4 scrolls of teleportation.
As you read the scroll of teleportation, it crumbles to dust.
You feel strangely unstable. The centaur closely misses you.
The centaur kicks you.
The deep elf pyromancer points at you and mumbles some strange words.
The bolt of fire hits the fire elemental.
The fire elemental completely resists.
The bolt of fire hits you!!
Ouch! That really hurt!
You die...

#### #..# #..# #######
#..# ......#
#########..# ......#
...........######......#
.....................#
................@....#
.....#########.EEc...#
.....# #..0..<.# .....#
#.0E....# .....#
#..0....# .....#
#e..0...# .....#
#...0...# .....#
#...0...# .......


You could see a deep elf pyromancer, 3 fire elementals and a centaur.

Vanquished Creatures
  Duvessa (D:6)
  An orc warrior (D:6)
  A sky beast (D:5)
  An ice beast (D:6)
  2 centaurs
  4 scorpions
  5 wights
  Dowan (D:6)
  3 killer bees (D:5)
  A howler monkey (D:4)
  5 hounds
  3 jellies
  A gnoll bouda (D:6)
  2 orc priests
  2 iguanas
  2 orc wizards (D:6)
  6 gnolls (D:6)
  2 adders
  A shadow imp (D:6)
  4 worms
  4 dart slugs
  9 orcs
  6 ball pythons
  10 endoplasms
  3 giant cockroaches
  9 goblins
  5 hobgoblins
  2 jackals (D:3)
  3 quokkas
  7 bats
  8 frilled lizards
  11 kobolds
  7 rats
132 creatures vanquished.

Vanquished Creatures (others)
  A goblin (D:3)
1 creature vanquished.

Grand Total: 133 creatures vanquished

Notes
Turn   | Place    | Note
-------+----------+-------------------------------------------
     0 | D:1      | qw the Tengu Warper began the quest for the Orb.
     0 | D:1      | Reached XP level 1. HP: 12/12 MP: 4/4
     0 | D:1      | 0 ||| qw: Version: 0.1-a-89-g26bdef1
     0 | D:1      | 0 ||| qw: Game counter: 2013
     0 | D:1      | 0 ||| qw: Always use a shield: true
     0 | D:1      | 0 ||| qw: God list: Okawaru
     0 | D:1      | 0 ||| qw: Allow faded altars: false
     0 | D:1      | 0 ||| qw: Do Orc after D:15 true
     0 | D:1      | 0 ||| qw: Do second Lair branch before Depths: true
     0 | D:1      | 0 ||| qw: Lair rune preference: random
     0 | D:1      | 0 ||| qw: Plans: Normal
     0 | D:1      | 0 ||| PLANNING D:1-11
    91 | D:1      | 91 ||| Stepping ~*~*~tactically~*~*~ (stealth).
    92 | D:1      | 92 ||| Stepping ~*~*~tactically~*~*~ (stealth).
    94 | D:1      | 94 ||| Stepping ~*~*~tactically~*~*~ (stealth).
    97 | D:1      | 97 ||| Stepping ~*~*~tactically~*~*~ (stealth).
    99 | D:1      | Reached XP level 2. HP: 17/17 MP: 6/6
   102 | D:1      | Reached skill level 3 in Axes
   380 | D:1      | 380 ||| Stepping ~*~*~tactically~*~*~ (stealth).
   386 | D:1      | Reached XP level 3. HP: 20/21 MP: 7/7
   525 | D:1      | Found a faded altar of an unknown god.
   716 | D:1      | Reached skill level 4 in Axes
   887 | D:1      | 887 ||| Stepping ~*~*~tactically~*~*~ (stealth).
   889 | D:1      | 889 ||| Stepping ~*~*~tactically~*~*~ (stealth).
   893 | D:1      | 893 ||| Stepping ~*~*~tactically~*~*~ (stealth).
   898 | D:1      | 898 ||| Stepping ~*~*~tactically~*~*~ (stealth).
   899 | D:1      | 899 ||| Stepping ~*~*~tactically~*~*~ (stealth).
   903 | D:1      | 903 ||| Stepping ~*~*~tactically~*~*~ (stealth).
   904 | D:1      | 904 ||| Stepping ~*~*~tactically~*~*~ (stealth).
  1134 | D:1      | 1134 ||| UPGRADING to +0 scale mail.
  1144 | D:1      | 1144 ||| DROPPING +0 leather armour.
  1145 | D:1      | 1145 ||| UPGRADING to ring of positive energy.
  1146 | D:1      | 1146 ||| READING scroll labelled KAQA WUESUOVA.
  1147 | D:1      | 1147 ||| READING scroll labelled HUS OROANAL.
  1148 | D:1      | 1148 ||| READING scroll labelled IGOQ SOWUFOOTI.
  1149 | D:1      | 1149 ||| READING scroll labelled JOPHEN NICEN.
  1150 | D:1      | 1150 ||| READING scroll labelled OMUKHUMEAWN.
  1151 | D:1      | 1151 ||| DRINKING 2 clear potions.
  1152 | D:1      | 1152 ||| DROPPING scroll of blinking.
  1153 | D:1      | 1153 ||| DROPPING potion of flight.
  1367 | D:2      | 1367 ||| Stepping ~*~*~tactically~*~*~ (stealth).
  1433 | D:2      | 1433 ||| Stepping ~*~*~tactically~*~*~ (stealth).
  1478 | D:2      | Identified the +6 whip "Gael" {vorpal, Will+ Str+4}
  1480 | D:2      | 1480 ||| DROPPING +0 whip.
  1512 | D:2      | 1512 ||| Stepping ~*~*~tactically~*~*~ (stealth).
  1514 | D:2      | 1514 ||| Stepping ~*~*~tactically~*~*~ (hiding).
  1546 | D:2      | Reached XP level 4. HP: 26/26 MP: 8/8
  1921 | D:2      | 1921 ||| DROPPING amulet of faith.
  1922 | D:2      | 1922 ||| UPGRADING to ring of see invisible.
  1923 | D:2      | 1923 ||| READING scroll labelled YLYMAX MAADE.
  1926 | D:2      | 1926 ||| DRINKING 2 coppery potions.
  1936 | D:3      | 1936 ||| Stepping ~*~*~tactically~*~*~ (stealth).
  1938 | D:3      | 1938 ||| Stepping ~*~*~tactically~*~*~ (stealth).
  2093 | D:3      | 2093 ||| Stepping ~*~*~tactically~*~*~ (stealth).
  2100 | D:3      | 2100 ||| FLEEEEING.
  2141 | D:3      | 2141 ||| Stepping ~*~*~tactically~*~*~ (stealth).
  2203 | D:3      | Reached skill level 5 in Axes
  2445 | D:3      | Found Wataamenun's Armour Boutique.
  2448 | D:3      | 2448 ||| BUYING +0 cloak (58 gold).
  2448 | D:3      | Bought a +0 cloak for 58 gold pieces
  2448 | D:3      | 2448 ||| BUYING +0 pair of gloves (58 gold).
  2448 | D:3      | Bought a +0 pair of gloves for 58 gold pieces
  2448 | D:3      | 2448 ||| SHOPLISTING +4 plate armour of positive energy
                  | (611 gold, have 138).
  2497 | D:3      | 2497 ||| Stepping ~*~*~tactically~*~*~ (stealth).
  2498 | D:3      | Noticed a scorpion
  2512 | D:3      | Killed a scorpion
  2513 | D:3      | Reached skill level 6 in Axes
  2513 | D:3      | Gained mutation: Your magical nature lets you fly swiftly
                  | and evasively. [Tengu growth]
  2513 | D:3      | Reached XP level 5. HP: 20/30 MP: 9/9
  2539 | D:3      | HP: 2/30 [goblin/iceblast (11)]
  2820 | D:3      | 2820 ||| UPGRADING to +0 chain mail.
  2830 | D:3      | 2830 ||| DROPPING +0 scale mail.
  2831 | D:3      | 2831 ||| UPGRADING to +0 cloak.
  2836 | D:3      | 2836 ||| UPGRADING to +0 pair of gloves.
  2841 | D:3      | 2841 ||| DROPPING ring of magical power.
  2842 | D:3      | 2842 ||| UPGRADING to +4 ring of evasion.
  2844 | D:3      | 2844 ||| READING scroll labelled CACLOGA VINGE.
  2845 | D:3      | 2845 ||| DRINKING 2 pink potions.
  2845 | D:3      | Gained mutation: You are clumsy. (Dex -2) [potion of
                  | mutation]
  2947 | D:4      | 2947 ||| Stepping ~*~*~tactically~*~*~ (stealth).
  3265 | D:4      | Reached XP level 6. HP: 35/35 MP: 10/10
  3267 | D:4      | Found a staircase to the Ecumenical Temple.
  3268 | D:4      | 3268 ||| PLANNING TEMPLE
  3268 | D:4      | 3268 ||| UPGRADING to amulet of reflection.
  3273 | D:4      | 3273 ||| DRINKING 2 lumpy red potions.
  3274 | D:4      | 3274 ||| DRINKING 2 gluggy clear potions.
  3283 | Temple   | Entered the Ecumenical Temple
  3283 | Temple   | Found a transporter.
  3283 | Temple   | Found a transporter.
  3285 | Temple   | Found a transporter.
  3285 | Temple   | Found a transporter.
  3295 | Temple   | 3295 ||| PLANNING D:1-11
  3304 | Temple   | Became a worshipper of Warmaster Okawaru
  3925 | D:4      | Found an ornate altar of the Wu Jian Council.
  3949 | D:4      | Reached skill level 7 in Axes
  3983 | D:5      | Entered Level 5 of the Dungeon
  3993 | D:5      | 3993 ||| Stepping ~*~*~tactically~*~*~ (hiding).
  3994 | D:5      | 3994 ||| STAIRDANCE
  4095 | D:5      | Reached skill level 3 in Fighting
  4096 | D:5      | 4096 ||| FLEEEEING.
  4097 | D:5      | 4097 ||| STAIRDANCE
  4180 | D:5      | Reached skill level 3 in Armour
  4180 | D:5      | Reached XP level 7. HP: 26/41 MP: 11/11
  4316 | D:5      | Found a bloodstained altar of Trog.
  4393 | D:5      | 4393 ||| Stepping ~*~*~tactically~*~*~ (hiding).
  4520 | D:5      | Identified the +8 whip of Bloodstone {freeze, rF+ Str+7
                  | Int-4}
  4522 | D:5      | 4522 ||| DROPPING +6 whip "Gael" {vorpal, Will+ Str+4}.
  4549 | D:5      | Reached * piety under Okawaru
  4571 | D:5      | 4571 ||| Stepping ~*~*~tactically~*~*~ (stealth).
  4576 | D:5      | 4576 ||| INVOKING Heroism.
  4591 | D:5      | Reached skill level 1 in Invocations
  4591 | D:5      | 4591 ||| INVOKING Heroism.
  4596 | D:5      | Reached skill level 8 in Axes
  4809 | D:5      | 4809 ||| DROPPING +0 flail of holy wrath.
  4817 | D:5      | 4817 ||| READING scroll of enchant weapon.
  4817 | D:5      | 4817 ||| ENCHANTING +1 hand axe.
  4959 | D:5      | 4959 ||| INVOKING Heroism.
  5016 | D:5      | 5016 ||| READING scroll labelled LEAKO DUFISOTS.
  5017 | D:5      | 5017 ||| READING 3 scrolls of identify.
  5017 | D:5      | 5017 ||| IDENTIFYING fuming golden potion
  5018 | D:5      | 5018 ||| READING 2 scrolls of identify.
  5018 | D:5      | 5018 ||| IDENTIFYING silvery potion
  5038 | D:6      | 5038 ||| INVOKING Heroism.
  5040 | D:6      | 5040 ||| STAIRDANCE
  5046 | D:5      | Reached XP level 8. HP: 33/46 MP: 9/12
  5256 | D:5      | 5256 ||| DROPPING +8 whip of Bloodstone {freeze, rF+ Str+7
                  | Int-4}.
  5260 | D:6      | 5260 ||| STAIRDANCE
  5270 | D:5      | 5270 ||| INVOKING Heroism.
  5274 | D:5      | Reached skill level 3 in Invocations
  5276 | D:5      | Reached skill level 9 in Axes
  5425 | D:6      | 5425 ||| INVOKING Heroism.
  5429 | D:6      | 5429 ||| STAIRDANCE
  5626 | D:6      | Noticed Duvessa
  5627 | D:6      | 5627 ||| INVOKING Heroism.
  5635 | D:6      | Killed Duvessa
  5637 | D:6      | Noticed Dowan
  5638 | D:6      | 5638 ||| Stepping ~*~*~tactically~*~*~ (stealth).
  5640 | D:6      | HP: 9/47 [Dowan/stone arrow (19)]
  5641 | D:6      | 5641 ||| Stepping ~*~*~tactically~*~*~ (hiding).
  5642 | D:6      | 5642 ||| READING 6 scrolls of teleportation.
  5643 | D:6      | 5643 ||| DRINKING potion of heal wounds.
  5655 | D:6      | HP: 10/48 [orc priest/divine providence (14)]
  5656 | D:6      | 5656 ||| READING 5 scrolls of teleportation.
  5659 | D:6      | 5659 ||| INVOKING Heroism.
  5662 | D:6      | Found a white marble altar of Elyvilon.
  5902 | D:6      | 5902 ||| INVOKING Heroism.
  5964 | D:6      | 5964 ||| FLEEEEING.
  5965 | D:6      | 5965 ||| FLEEEEING.
  5966 | D:6      | 5966 ||| FLEEEEING.
  5967 | D:6      | 5967 ||| INVOKING Heroism.
  5968 | D:6      | 5968 ||| Stepping ~*~*~tactically~*~*~ (stealth).
  6086 | D:6      | 6086 ||| SWAPPING to +0 war axe.
  6087 | D:6      | 6087 ||| DROPPING +2 hand axe.
  6116 | D:6      | 6116 ||| Stepping ~*~*~tactically~*~*~ (stealth).
  6118 | D:6      | 6118 ||| INVOKING Heroism.
  6259 | D:6      | 6259 ||| Stepping ~*~*~tactically~*~*~ (stealth).
  6290 | D:6      | 6290 ||| Stepping ~*~*~tactically~*~*~ (stealth).
  6291 | D:6      | 6291 ||| Stepping ~*~*~tactically~*~*~ (stealth).
  6386 | D:6      | Reached XP level 9. HP: 48/52 MP: 13/13
  6491 | D:6      | Found an opulent altar of Gozag.
  6549 | D:6      | Reached ** piety under Okawaru
  6550 | D:6      | Reached skill level 10 in Axes
  6618 | D:6      | 6618 ||| INVOKING Heroism.
  6622 | D:6      | 6622 ||| Stepping ~*~*~tactically~*~*~ (hiding).
  6623 | D:6      | 6623 ||| Stepping ~*~*~tactically~*~*~ (hiding).
  6636 | D:6      | Killed Dowan
  6860 | D:6      | You are sucked into a shaft and drop 3 floors!
  6883 | D:9      | 6883 ||| INVOKING Heroism.
  6884 | D:9      | Noticed a deep elf pyromancer
  6890 | D:9      | HP: 7/52 [deep elf pyromancer/bolt of fire (16)]
  6891 | D:9      | 6891 ||| READING 4 scrolls of teleportation.
  6891 | D:9      | HP: 2/52 [centaur (2)]
  6891 | D:9      | Killed from afar by a deep elf pyromancer

Levels and vault maps discovered:
D:1:      minmay_arrival_semitransparent, layout_basic,
          hellmonk_ecumenical_altar_prayer_group
D:2:      layout_basic
D:3:      layout_rooms, serial_shops, nicolae_shop_behind_doors,
          corexii_leaking_fountain, minmay_fractal_squares_gapless_5
D:4:      layout_basic, mainiacjoe_overflow_tiny_flanked, temple_pool_b,
          serial_glass, glass_columns_a, glass_columns_b, glass_columns_c
D:5:      layout_rooms, bloody_trog
D:6:      layout_rooms, mainiacjoe_overflow_big_doors, uniq_duvessa
D:9:      layout_irregular_city, nicolae_ru_awakened_eye, grunt_dithmenos_smoke,
          lair_entry_dummy, serial_column_ruins, column_ruins_hut_pillars,
          column_ruins_square_large, column_ruins_grid_1,
          column_ruins_columns_dead_end, column_ruins_open_tiny,
          column_ruins_columns_corner, column_ruins_open_tiny,
          uniq_prince_ribbit1
Temple:   hellmonk_temple_divided_pantheon

Skill      XL: |  1  2  3  4  5  6  7  8  9 |
---------------+----------------------------+-----
Axes           | 3 4 6 7 8 9 10 | 10.2
Armour         | 2 3 4 |  4.0
Fighting       | 3 4 |  4.1
Invocations    | 2 4 |  4.1
Throwing       | |  1.0
Dodging        | |  2.1
Spellcasting   | |  2.0
Translocations | |  2.4

Action                   |  1- 3 |  4- 6 |  7- 9 || total
-------------------------+-------+-------+-------++-------
Melee: Hand axe          |    89 |   131 |   129 ||   349
       Kick              |    18 |    35 |    51 ||   104
       Peck              |    12 |    18 |    24 ||    54
       Punch             |     2 |     1 |     5 ||     8
       War axe           |       |       |    48 ||    48
Throw: Boomerang         |     7 |    37 |    27 ||    71
Invok: Heroism           |       |       |    13 ||    13
  Use: Scroll            |     5 |     2 |     7 ||    14
       Potion            |     1 |     4 |     1 ||     6
 Stab: Distracted        |     1 |       |       ||     1
Armor: Leather armour    |    11 |       |       ||    11
       Scale mail        |     7 |    16 |       ||    23
       Chain mail        |       |    28 |    63 ||    91
Dodge: Dodged            |    40 |    55 |   100 ||   195
Block: Other             |       |     6 |    43 ||    49
       Reflection        |       |       |     1 ||     1

Table legend:
 A = Non-vault XP
 B = Vault XP
 C = Vault XP percentage of total XP
 D = Non-vault monster count
 E = Vault monster count
 F = Vault count percentage of total count
                 A         B        C        D         E       F
            +---------+---------+-------+---------+---------+-------
      Total |    2447 |     229 |   8.6 |     123 |       9 |   6.8
            +---------+---------+-------+---------+---------+-------
        D:1 |      51 |       5 |   8.9 |      31 |       3 |   8.8
        D:2 |      33 |       0 |   0.0 |      16 |       0 |   0.0
        D:3 |     121 |      19 |  13.6 |      21 |       4 |  16.0
        D:4 |     241 |       0 |   0.0 |      15 |       0 |   0.0
        D:5 |    1166 |       0 |   0.0 |      20 |       0 |   0.0
        D:6 |     835 |     205 |  19.7 |      20 |       2 |   9.1
            +---------+---------+-------+---------+---------+-------
